 Dungeon Crawl Stone Soup version 0.31.0-11-ge490571c62 (webtiles) character file.

Game seed: 9314629181599887827

144 Rassilon the Grave Robber (level 5, -1/35 HPs)
             Began as a Mummy Necromancer on Feb 10, 2024.
             Was a Believer of Jiyva.
             Slain by an ogre
             ... wielding a +0 giant spiked club
              (21 damage)
             ... on level 3 of the Dungeon.
             The game lasted 00:08:42 (2169 turns).

Rassilon the Grave Robber (Mummy Necromancer)       Turns: 2169, Time: 00:08:42

Health: -1/35      AC:  2    Str: 12    XL:     5   Next: 5%
Magic:  10/10      EV: 12    Int: 16    God:    Jiyva [**....]
Gold:   109        SH:  0    Dex: 12    Spells: 4/11 levels left

rFire   x . .        e - +0 dagger (elec)
rCold   + . .        (no shield)
rNeg    + + +        a - +0 robe
rPois   ∞            (no helmet)
rElec   .            (no cloak)
rCorr   +            (no gloves)
SInv    .            (no boots)
Will    .....        (no amulet)
Stlth   ++           (no ring)
HPRegen 1.21/turn    (no ring)
MPRegen 0.60/turn

%: faith
@: no status effects
A: cold resistance 1, negative energy resistance 3, torment resistance 2, heat
vulnerability 1, in touch with death 1, no potions, faith
a: Renounce Religion


You were on level 3 of the Dungeon.
You worshipped Jiyva.
Jiyva was pleased with you.
You visited 1 branch of the dungeon, and saw 3 of its levels.

You collected 109 gold pieces.

Inventory:

Hand Weapons
 e - a +0 dagger of electrocution (weapon)
Armour
 a - a +0 robe (worn)
Jewellery
 b - an amulet of the acrobat
 j - a ring of wizardry
Scrolls
 c - 2 scrolls of identify {unknown}
 d - 2 scrolls of immolation
 f - a scroll of revelation {unknown}
 g - a scroll of amnesia {unknown}
 h - a scroll of poison {unknown}
Potions
 i - a potion of invisibility {unknown}


   Skills:
 + Level 2.3 Dodging
 + Level 2.4 Stealth
 + Level 3.8 Spellcasting
 * Level 5.1 Necromancy


You had 4 spell levels left.
You knew the following spells:

 Your Spells              Type           Power      Damage    Failure   Level
a - Necrotise             Necr           100%       1d9       2%          1
b - Vampiric Draining     Necr           29%        2d8       6%          3
c - Sting                 Conj/Alch      12%        1d3       17%         1
d - Mercury Vapours       Alch/Air       6%         N/A       26%         2

Your spell library contained the following spells:

 Spells                   Type           Power      Damage    Failure   Level
 Animate Dead             Necr           29%        N/A       22%         4
 Olgreb's Toxic Radiance  Alch           3%         N/A       86%         4
 Curse of Agony           Necr           29%        N/A       52%         5


Dungeon Overview and Level Annotations

Branches:
Dungeon (3/15)

Altars:
Jiyva


Innate Abilities, Weirdness & Mutations

You are immune to poison.
Your flesh is cold resistant. (rC+)
You are immune to negative energy. (rN+++)
You are immune to unholy pain and torment.
You are vulnerable to heat. (rF-)
You are in touch with the powers of death.
You do not drink.
You have a special connection with the divine. (Faith)


Message History

An ogre comes into view. It is wielding a +0 giant spiked club.
Ijyb hits you with a +0 dagger.
Casting: Necrotise (safe; 2% risk of failure)
Confirm with . or Enter, or press ? or * to list all spells.
Aiming: Necrotise (safe; 2% risk of failure)
Press: ? - help, Shift-Dir - straight line, f/p - Ijyb
Aim: Ijyb, wielding a +0 dagger, wearing a +0 chain mail and carrying a wand of mindburst (almost dead, chance to affect: 88%)
You feel a surge of power!
Ijyb barely resists.
The ogre shouts!
Ijyb hits you but does no damage.
You hit Ijyb but do no damage. Lightning courses through Ijyb!!
You kill Ijyb!
You have reached level 5!
You feel stronger.
Casting: Necrotise (safe; 2% risk of failure)
Confirm with . or Enter, or press ? or * to list all spells.
Aiming: Necrotise (safe; 2% risk of failure)
Press: ? - help, Shift-Dir - straight line, f - ogre
Aim: an ogre, wielding a +0 giant spiked club (chance to affect: 83%)
You feel a surge of power!
The ogre writhes in agony!
The ogre barely misses you.
A ribbon worm comes into view.
The ogre hits you with a +0 giant spiked club!
Casting: Necrotise (safe; 2% risk of failure)
Confirm with . or Enter, or press ? or * to list all spells.
Aiming: Necrotise (safe; 2% risk of failure)
Press: ? - help, Shift-Dir - straight line, f/p - ogre
Aim: an ogre, wielding a +0 giant spiked club (moderately wounded, chance to affect: 83%)
You feel a surge of power!
The ogre writhes in agony!
The ogre hits you with a +0 giant spiked club!
Casting: Necrotise (safe; 2% risk of failure)
Confirm with . or Enter, or press ? or * to list all spells.
Aiming: Necrotise (safe; 2% risk of failure)
Press: ? - help, Shift-Dir - straight line, f/p - ogre
Aim: an ogre, wielding a +0 giant spiked club (heavily wounded, chance to affect: 83%)
You feel a surge of power!
The ogre writhes in agony!
The ogre attacks as it pursues you!
The ogre hits you with a +0 giant spiked club!!
Ouch! That really hurt!
You die...

### .... .....
#..... #......
#####....... ..
###..O@.# ...
##...##### .).
#..###
#.########.##
...w.....#.#
P..####....#
##########
...)......##
##.....##.....#...
#.....#####
##................#
..#...#
#................#


You could see an ogre.

Vanquished Creatures
  A scorpion (D:3)
  Ijyb (D:3)
  A gnoll (D:1)
  A ribbon worm (D:3)
  4 dart slugs
  3 bats (D:1)
  6 endoplasms
  A giant cockroach (D:1)
  4 goblins (D:1)
  3 hobgoblins
  2 quokkas
  3 ball pythons (D:1)
  7 frilled lizards
  5 kobolds
  2 rats (D:1)
44 creatures vanquished.

Vanquished Creatures (others)
  An adder (D:3)
  A quokka (D:3)
2 creatures vanquished.

Grand Total: 46 creatures vanquished

Notes
Turn   | Place    | Note
-------+----------+-------------------------------------------
     0 | D:1      | Rassilon the Mummy Necromancer began the quest for the Orb.
     0 | D:1      | Reached XP level 1. HP: 13/13 MP: 4/4
   130 | D:1      | Reached XP level 2. HP: 19/19 MP: 1/6
   469 | D:1      | Reached XP level 3. HP: 24/24 MP: 4/7
   473 | D:1      | Learned a level 3 spell: Vampiric Draining
   475 | D:1      | Learned a level 1 spell: Sting
   478 | D:1      | Learned a level 2 spell: Mercury Vapours
  1347 | D:2      | Found a faded altar of an unknown god.
  1354 | D:2      | Prayed at the altar of an unknown god.
  1354 | D:2      | Became a worshipper of Jiyva Jauhoth the Shapeless
  1354 | D:2      | Reached * piety under Jiyva
  1952 | D:3      | Reached ** piety under Jiyva
  1964 | D:3      | Noticed a scorpion
  1969 | D:3      | Killed a scorpion
  1970 | D:3      | Reached XP level 4. HP: 25/30 MP: 6/9
  2009 | D:3      | Reached skill level 5 in Necromancy
  2137 | D:3      | Noticed Ijyb
  2149 | D:3      | Noticed an ogre
  2151 | D:3      | Killed Ijyb
  2152 | D:3      | Reached XP level 5. HP: 34/35 MP: 10/10
  2169 | D:3      | Slain by an ogre

Illustrated notes

Levels and vault maps discovered:
D:1:      roderic_chinese_lattice_arrival, layout_loops_corners,
          minmay_misc_feat_room, nicolae_eternal_life
D:2:      layout_basic, hellmonk_ecumenical_altar_blasted
D:3:      layout_rooms, mainiacjoe_overflow_boulevard,
          mainiacjoe_overflow_big_doors, amethyst_killhole,
          minmay_misc_feat_five, uniq_ijyb

Skill      XL: |  1  2  3  4 |
---------------+-------------+-----
Spellcasting   | 3 |  3.8
Stealth        | 2 |  2.4
Dodging        | 2 |  2.3
Necromancy     | 5 |  5.1

Action                     |  1- 3 |  4- 6 || total
---------------------------+-------+-------++-------
  Melee: Unarmed           |    10 |       ||    10
         Dagger            |    35 |    20 ||    55
   Cast: Necrotise         |    41 |     6 ||    47
         Mercury Vapours   |     1 |       ||     1
   Stab: Sleeping          |     5 |       ||     5
 Armour: Robe              |    21 |    16 ||    37
  Dodge: Dodged            |    23 |    10 ||    33
